General information
- name: BNet
- type: Ladder 1vs1/FFA
- host: Battle.net
- saver: bugaloo
map: TwistedMeadows
- players: 2
- length: 44:21
- speed: Fast
- version: 1.26 W3XP
- replay type: Public
» download(134 KB)
Players
team 1 (loser)
masterkarpov (
purple | 51 APM | 2272 actions | 44:20)
5 Death Knight
3 Death Coil
2 Unholy Aura
4 Pit Lord
2 Rain of Fire
1 Howl of Terror
1 Cleaving Attack
» actions
| Assign group hotkey | 26 | |
| Basic commands | 4 | |
| Build / train | 84 | |
| Enter build submenu | 40 | |
| Enter hero's abilities submenu | 9 | |
| Give item / drop item | 3 | |
| Right click | 1111 | |
| Select / deselect | 605 | |
| Select group hotkey | 266 | |
| Use ability | 123 | |
2272 total
» units
| Acolyte | 25 | |
| Ghoul | 14 | |
| Crypt Fiend | 7 | |
| Meatwagon | 4 | |
| Obsidian Statue | 1 | |
| Goblin Zeppelin | 2 | |
53 total
» upgrades
| Cannibalize | 1 | |
| Unholy Armor | 1 | |
| Web | 1 | |
3 total
» buildings
| Crypt | 2 | |
| Altar of Darkness | 1 | |
| Graveyard | 2 | |
| Ziggurat | 13 | |
| Tomb of Relics | 1 | |
| Nerubian Tower | 1 | |
| Necropolis | 3 | |
| Halls of the Dead | 2 | |
| Slaughterhouse | 2 | |
| Spirit Tower | 1 | |
| Sacrificial Pit | 1 | |
29 total
» build order
00:08 Crypt
00:26 Altar of Darkness
00:43 Graveyard
00:57 Ziggurat
01:35 Ziggurat
01:51 Tomb of Relics
02:19 Crypt
02:43 Nerubian Tower
05:24 Necropolis
05:28 Halls of the Dead
06:51 Ziggurat
07:03 Ziggurat
08:06 Slaughterhouse
08:26 Spirit Tower
08:35 Sacrificial Pit
10:11 Slaughterhouse
25:14 Ziggurat
25:15 Ziggurat
29:53 Ziggurat
30:33 Ziggurat
30:59 Graveyard
32:14 Necropolis
33:27 Ziggurat
33:33 Ziggurat
33:40 Ziggurat
33:41 Ziggurat
33:43 Ziggurat
36:04 Halls of the Dead
42:04 Necropolis
» items
| Scroll of Town Portal | 6 | |
| Potion of Mana | 1 | |
| Scroll of Healing | 2 | |
| Potion of Lesser Invulnerability | 2 | |
| Staff of Teleportation | 1 | |
| Boots of Speed | 1 | |
13 total
team 2 (winner)
bugaloo (
green | 72 APM | 3208 actions | 44:21)
5 Archmage
2 Blizzard
3 Brilliance Aura
5 Blood Mage
3 Flame Strike
2 Siphon Mana
4 Goblin Alchemist
2 Acid Bomb
2 Chemical Rage
» actions
| Assign group hotkey | 60 | |
| Basic commands | 127 | |
| Build / train | 147 | |
| ESC pressed | 2 | |
| Enter build submenu | 46 | |
| Enter hero's abilities submenu | 14 | |
| Give item / drop item | 8 | |
| Right click | 1214 | |
| Select / deselect | 768 | |
| Select group hotkey | 386 | |
| Use ability | 436 | |
3208 total
» units
| Peasant | 24 | |
| Goblin Shredder | 2 | |
| Sorceress | 3 | |
| Goblin Zeppelin | 1 | |
| Dragonhawk Rider | 6 | |
| Priest | 1 | |
| Goblin Sapper | 1 | |
38 total
» upgrades
| Sorceress Training | 2 | |
| Magic Sentry | 1 | |
| Masonry | 3 | |
| Armor | 3 | |
| Cloud | 1 | |
| Animal War Training | 1 | |
| Storm Hammers | 1 | |
| Priest Training | 2 | |
| Swords | 3 | |
17 total
» buildings
| Altar of Kings | 1 | |
| Farm | 6 | |
| Arcane Vault | 2 | |
| Lumber Mill | 1 | |
| Scout Tower | 55 | |
| Arcane Tower | 2 | |
| Guard Tower | 22 | |
| Keep | 1 | |
| Blacksmith | 1 | |
| Arcane Sanctum | 1 | |
| Town Hall | 3 | |
| Gryphon Aviary | 3 | |
| Castle | 1 | |
| Barracks | 1 | |
100 total
» build order
00:04 Altar of Kings
00:26 Farm
00:27 Farm
00:56 Arcane Vault
01:23 Lumber Mill
01:33 Scout Tower
02:25 Scout Tower
02:26 Arcane Tower
03:04 Guard Tower
03:08 Scout Tower
03:10 Scout Tower
03:42 Farm
03:44 Farm
03:45 Guard Tower
04:01 Scout Tower
04:01 Scout Tower
04:26 Keep
04:37 Guard Tower
04:39 Guard Tower
05:33 Farm
06:01 Blacksmith
06:49 Scout Tower
06:52 Scout Tower
06:53 Scout Tower
06:54 Scout Tower
06:55 Scout Tower
07:06 Arcane Sanctum
07:20 Guard Tower
08:29 Arcane Tower
08:30 Guard Tower
08:53 Town Hall
10:30 Scout Tower
11:00 Guard Tower
11:42 Guard Tower
12:09 Scout Tower
12:21 Farm
12:23 Gryphon Aviary
12:23 Gryphon Aviary
13:22 Guard Tower
13:27 Scout Tower
13:27 Scout Tower
13:37 Castle
13:40 Gryphon Aviary
15:01 Guard Tower
16:11 Barracks
16:13 Arcane Vault
22:51 Scout Tower
22:52 Scout Tower
22:53 Scout Tower
22:53 Scout Tower
22:54 Scout Tower
22:55 Scout Tower
28:32 Scout Tower
28:33 Scout Tower
28:34 Scout Tower
28:37 Scout Tower
28:38 Scout Tower
28:43 Scout Tower
28:44 Scout Tower
28:44 Scout Tower
29:32 Guard Tower
29:43 Guard Tower
29:50 Town Hall
32:19 Scout Tower
32:21 Scout Tower
32:22 Scout Tower
32:22 Scout Tower
32:25 Scout Tower
32:25 Scout Tower
32:27 Scout Tower
32:27 Scout Tower
32:31 Scout Tower
32:32 Scout Tower
32:52 Guard Tower
32:53 Guard Tower
33:20 Guard Tower
33:27 Guard Tower
33:29 Scout Tower
33:30 Scout Tower
33:32 Scout Tower
33:33 Scout Tower
33:34 Scout Tower
34:25 Guard Tower
34:30 Guard Tower
35:17 Scout Tower
35:19 Scout Tower
35:19 Scout Tower
35:20 Scout Tower
35:20 Scout Tower
35:21 Scout Tower
37:57 Scout Tower
37:58 Scout Tower
37:59 Scout Tower
38:00 Scout Tower
39:07 Guard Tower
39:13 Guard Tower
41:02 Scout Tower
41:12 Guard Tower
41:38 Guard Tower
42:05 Town Hall
» items
| Lesser Clarity Potion | 6 | |
| Scroll of Regeneration | 10 | |
| Mechanical Critter | 2 | |
| Staff of Teleportation | 3 | |
| Boots of Speed | 3 | |
| Potion of Invisibility | 1 | |
| Potion of Lesser Invulnerability | 4 | |
| Ivory Tower | 4 | |
| Potion of Healing | 7 | |
| Scroll of Town Portal | 5 | |
| Potion of Mana | 1 | |
| Periapt of Vitality | 1 | |
| Scroll of Healing | 1 | |
| Staff of Sanctuary | 1 | |
49 total
Chat log
(34:42 / All) masterkarpov: you re stupid you know
(43:53 / All) bugaloo: lmfao
(44:18 / All) masterkarpov: get alife man...